 Dungeon Crawl Stone Soup version 0.21-a0-221-gfe971b9 (webtiles) character file.

240656 Nvm9 the Tortoise (level 19, -1/155 HPs)
             Began as a Demonspawn Fighter on Aug 25, 2017.
             Was the Champion of Lugonu.
             Slain by a hell rat (8 damage)
             ... summoned by a deep elf mage
             ... on level 2 of the Elven Halls.
             The game lasted 01:27:36 (31653 turns).

Nvm9 the Tortoise (Demonspawn Fighter)             Turns: 31653, Time: 01:27:37

Health: -1/155     AC: 20    Str: 31    XL:     19   Next: 5%
Magic:  23/23      EV: 12    Int:  8    God:    Lugonu [******]
Gold:   2297       SH: 15    Dex: 20    Spells: 20/23 levels left

rFire    . . .     SeeInvis +   u - +4 war axe (vamp)
rCold    + + .     Gourm    .   C - +0 shield {reflect}
rNeg     . . .     Faith    .   a - +4 crystal plate armour of Jiol {rC+ MR++ Regen+ Dex+2}
rPois    +         Spirit   .   (helmet unavailable)
rElec    .         Reflect  +   H - +1 cloak {rPois}
rCorr    +         Harm     .   k - +2 pair of gloves {Str+3}
MR       +++..     Rnd*Rage +   (no boots)
Stlth    ..........             (no amulet)
HPRegen  0.75/turn              t - +6 ring of slaying
MPRegen  0.18/turn              P - ring of Meryon {rCorr rPois Str+4 Int-2}

@: agile, corroded, berserk cooldown, slowed, very slow
A: horns 3, talons 1, icy blue scales 3, see invisible, berserk 1, foul stench
1, powered by pain 3, wild magic 1, rot immunity
}: 1/15 runes: serpentine
a: Depart the Abyss, Bend Space, Banish, Corrupt, Enter the Abyss, Brand Weapon
With Distortion, Renounce Religion


You were on level 2 of the Elven Halls.
You worshipped Lugonu.
Lugonu was exalted by your worship.
You were not hungry.

You visited 7 branches of the dungeon, and saw 32 of its levels.
You visited the Abyss 1 time.
You also visited: Labyrinth and Ice Cave.

You collected 2856 gold pieces.
You spent 559 gold pieces at shops.

Inventory:

Hand Weapons
 h - a +4 rapier of electrocution
 q - a +2 scimitar of flaming
 u - a +4 vampiric war axe (weapon)
 X - a +1 vampiric broad axe
Missiles
 p - 32 tomahawks (quivered)
 x - 2 tomahawks of returning
 W - 5 silver javelins
Armour
 a - the +4 crystal plate armour of Jiol (worn) {rC+ MR++ Regen+ Dex+2}
   (You acquired it on level 11 of the Dungeon)

   It affects your dexterity (+2).
   It protects you from cold.
   It affects your resistance to hostile enchantments.
   It increases your rate of regeneration.
 k - a +2 pair of gloves of strength (worn)
 C - a +0 shield of reflection (worn)
 H - a +1 cloak of poison resistance (worn)
Jewellery
 i - an uncursed ring of poison resistance
 m - an uncursed ring of protection from magic
 t - a +6 ring of slaying (left hand)
 w - an uncursed ring of teleportation
 P - the ring of Meryon (right hand) {rCorr rPois Str+4 Int-2}
   (You acquired it on level 5 of the Lair of Beasts)

   [ring of resist corrosion]

   It affects your strength (+4).
   It affects your intelligence (-2).
   It protects you from poison.
 Q - a +4 ring of dexterity
 R - an uncursed ring of positive energy
 S - an uncursed ring of protection from cold
 U - an uncursed ring of see invisible
 V - the ring "Sodeq" {rF+ Int+3}
   (You found it on level 2 of the Snake Pit)

   [ring of protection from fire]

   It affects your intelligence (+3).
   It protects you from fire.
 Y - an uncursed ring of positive energy
 Z - an uncursed ring of flight
Wands
 c - a wand of disintegration (22/24)
 d - a wand of lightning (10/15)
 e - a wand of acid (3/15)
 s - a wand of lightning (10/15)
 E - a wand of scattershot (5/9)
 K - a wand of digging (11/24)
Scrolls
 b - 2 scrolls of recharging
 v - 2 scrolls of identify
 F - 6 scrolls of teleportation
 G - a scroll of fear
 L - 7 scrolls of remove curse
 N - a scroll of fog
Potions
 j - 12 potions of curing
 l - 2 potions of haste
 n - 2 potions of magic
 z - 2 potions of invisibility
 B - a potion of cancellation
 J - 2 potions of agility
 O - 5 potions of lignification
Comestibles
 f - 10 bread rations
 g - 14 meat rations
 o - a chunk of flesh


   Skills:
 + Level 15.3 Fighting
 + Level 13.8 Axes
 - Level 9.6 Throwing
 * Level 18.6 Armour
 + Level 14.0 Shields
 + Level 2.6 Spellcasting
 + Level 2.4 Charms


You had 20 spell levels left.
You knew the following spells:

 Your Spells              Type           Power        Failure   Level  Hunger
a - Summon Butterflies    Summ           #.......     99%         1    ##.....
b - Swiftness             Chrm/Air       #.......     99%         2    ###....


Dungeon Overview and Level Annotations

Branches:
Dungeon (15/15)            Temple (1/1) D:5            Lair (6/6) D:11
 Shoals (0/4) Lair:3        Snake (4/4) Lair:4        Slime (2/5) Lair:6
    Orc (2/2) D:12            Elf (2/3) Orc:2        Vaults (0/5) D:14
 Depths (0/5) D:15

Altars:
Ashenzari
Cheibriados
Dithmenos
Elyvilon
Fedhas
Gozag
Hepliaklqana
Kikubaaqudgha
Makhleb
Nemelex Xobeh
Okawaru
Qazlal
Ru
Sif Muna
Trog
Uskayaw
Vehumet
Wu Jian
Xom
Yredelemnul
Zin
The Shining One
Jiyva

Shops:
D:12 ![   D:14 *   D:15 *   Orc:2 *[?:   Snake:3 !}!

Annotations:
Elf:2 5 runed doors


Innate Abilities, Weirdness & Mutations

You have a pair of large horns on your head.
You are completely covered in icy blue scales. (AC +4, rC+)
You may emit foul miasma when damaged in melee.
You are powered by pain.
You are immune to rotting.
You have sharp toenails.
You have supernaturally acute eyesight. (SInv)
You tend to lose your temper in combat.
Your spells are a little harder to cast, but a little more powerful.


Message History

You slash the redback! You hit the hell rat but do no damage.
You block the redback's attack.
The deep elf mage mumbles some strange words.
The deep elf mage blinks!
You block the bardiche of electrocution's attack.
The hell rat barely misses you. The redback bites you.
* * * LOW HITPOINT WARNING * * *
The redback looks sick.
A deep elf mage comes into view. It is wielding a long sword.
The deep elf mage shouts!
You slash the redback!
You kill the redback!
The redback's corpse disappears in a puff of smoke!
You slash the ynoxinul!
Your crystal plate armour of Jiol prevents you from hitting the hell rat.
The hell rat barely misses you. You block the ynoxinul's attack.
The bardiche of electrocution hits you from afar!
* * * LOW HITPOINT WARNING * * *
The hell rat bites you!
You die...

#....(.#..........
#....e...........
#..(........(...
##..)..##...##..
##.)...# ##.##
#....)## ##
#.).(.(##
##..)..(# ##@r...#
##3ยง...#
##......+
#..e....+
#.......+
#.......+
##......+ ##.....#
##.....#


You could see 2 deep elf magi, a ynoxinul, a hell rat and a bardiche of
electrocution.

Vanquished Creatures
  Nikola (Elf:1)
  2 acid blobs (Slime:1)
  Gastronok (Lair:2)
  Frances (D:14)
  The ghost of Aes the Unseen, an adept SpEn of Dithmenos (Snake:4)
  Kirke (Snake:3)
  An azure jelly (Slime:1)
  2 frost giants
  10 nagarajas
  The ghost of soonmide the Convoker, a journeyman GnSu of the Shining One (Snake:3)
  A caustic shrike skeleton (D:15)
  A very ugly thing (Abyss:2)
  A deep elf death mage (Elf:1)
  A minotaur (Lab)
  A fire dragon (Lair:6)
  The ghost of Herrn the Cleaver, a journeyman NaFE of Okawaru (D:10)
  18 naga warriors
  A quicksilver dragon skeleton (D:15)
  Harold (D:10)
  6 hydras
  Erica (D:10)
  A centaur warrior (D:14)
  19 anacondas
  An ogre mage (D:14)
  A catoblepas (D:12)
  5 death yaks
  11 two-headed ogres
  2 tengu warriors (D:15)
  2 death knights
  A queen ant (Lair:2)
  14 dancing weapons
  6 shock serpents
  5 orc high priests (Orc:2)
  Sonja (D:13)
  19 naga sharpshooters
  7 deep elf knights
  7 salamander mystics
  10 skeletal warriors
  4 sea snakes
  A flayed ghost (D:15)
  2 unseen horrors
  8 naga ritualists
  A tengu zombie (D:15)
  6 deep elf archers
  A lindwurm (Lair:6)
  3 harpies (D:12)
  8 orc knights (Orc:2)
  8 mana vipers
  An orc sorcerer (Elf:1)
  A necromancer (D:15)
  29 deep elf magi
  12 salamanders
  2 manticores
  8 ugly things
  A shining eye (Lair:6)
  45 black mambas
  Maurice (D:10)
  14 guardian serpents
  3 cyclopes
  9 elephants
  15 naga magi
  4 gargoyles
  An ice statue (IceCv)
  2 molten gargoyles (Lair:6)
  5 spiny frogs
  24 komodo dragons
  3 freezing wraiths
  2 kobold demonologists (D:15)
  2 rime drakes
  5 tengu conjurers
  2 minotaur zombies (Lab)
  5 trolls
  A hornet (shapeshifter) (D:14)
  10 polar bears (IceCv)
  7 hippogriffs
  18 blink frogs
  A harpy skeleton (D:14)
  41 slime creatures
  Prince Ribbit (D:8)
  A snapping turtle (Lair:3)
  A deep troll skeleton (D:15)
  A centaur simulacrum (D:13)
  2 wyverns
  A shadow (D:13)
  A spriggan (D:11)
  6 basilisks
  2 wraiths
  73 yaks
  A vampire (D:11)
  3 hogs (Snake:3)
  The ghost of skelma the Slasher, an amateur DsFi (D:5)
  Grum (D:10)
  3 hungry ghosts
  2 vampire mosquitoes (D:14)
  2 fire elementals (Elf:1)
  3 steam dragons
  20 soldier ants (Lair:2)
  57 nagas
  Duvessa (D:5)
  9 porcupines
  4 hell hounds (Lair:6)
  7 water moccasins
  A black bear (D:4)
  6 ice beasts
  6 sky beasts
  An eye of draining (D:11)
  A phantom (D:3)
  3 necrophages
  8 ogres
  32 orc warriors
  30 wolves
  16 centaurs
  15 crocodiles
  4 big kobolds
  3 earth elementals
  9 bullfrogs
  2 wyvern zombies
  A wyvern skeleton (D:14)
  5 scorpions
  Dowan (D:5)
  5 howler monkeys
  23 wights
  9 electric eels
  8 crimson imps
  5 centaur zombies
  5 lava snakes (Lair:6)
  3 quasits
  2 bullfrog skeletons
  25 orc priests
  5 hounds
  4 jellies
  A bullfrog zombie (D:10)
  5 centaur skeletons
  23 orc wizards
  3 hell rats (Lair:3)
  3 iguanas
  24 worker ants
  A killer bee zombie (D:5)
  A hound zombie (D:8)
  2 hound skeletons
  11 adders
  3 river rats (Lair:3)
  6 shadow imps
  2 adder skeletons
  2 adder zombies
  A worm (D:3)
  A dart slug (D:1)
  5 leopard geckos
  78 orcs
  2 giant cockroaches
  5 goblins
  8 hobgoblins
  16 jackals
  2 quokkas
  32 bats
  5 frilled lizards
  18 kobolds
  10 rats
  3 fungi
  A plant (Lair:2)
  A withered plant (D:12)
1198 creatures vanquished.

Vanquished Creatures (others)
  Vashnia (Snake:3)
  3 naga sharpshooters
  A deep elf mage (Elf:1)
  A cyclops (D:14)
  A black mamba (Snake:3)
  4 polar bears (IceCv)
  A yak (IceCv)
  An orc (Orc:1)
  A bat (Orc:1)
  4 fungi
  7 plants
25 creatures vanquished.

Grand Total: 1223 creatures vanquished

Notes
Turn   | Place    | Note
-------+----------+-------------------------------------------
     0 | D:1      | Nvm9 the Demonspawn Fighter began the quest for the Orb.
     0 | D:1      | Reached XP level 1. HP: 18/18 MP: 1/1
   157 | D:1      | Reached skill level 3 in Armour
   157 | D:1      | Gained mutation: You are partially covered in icy blue scales. (AC +2) [demonic ancestry]
   157 | D:1      | Reached XP level 2. HP: 16/24 MP: 2/2
   597 | D:2      | Reached XP level 3. HP: 28/29 MP: 3/3
   726 | D:2      | Found a faded altar of an unknown god.
   759 | D:2      | Found a snail-covered altar of Cheibriados.
   847 | D:2      | Found a sacrificial altar of Ru.
   893 | D:2      | Noticed a hand axe
   894 | D:2      | Found a hide-covered altar of Uskayaw.
   894 | D:2      | Noticed a dagger
   926 | D:2      | Found a burning altar of Makhleb.
   928 | D:2      | Noticed a blizzard demon
   932 | D:2      | Noticed a ynoxinul
   932 | D:2      | Noticed an orange demon
  1400 | D:3      | Reached XP level 4. HP: 25/35 MP: 4/4
  1866 | D:3      | Found a blossoming altar of Fedhas.
  1989 | D:4      | Noticed a phantom
  2043 | D:3      | Killed a phantom
  2043 | D:3      | Reached skill level 4 in Armour
  2043 | D:3      | Gained mutation: You have a pair of small horns on your head. [demonic ancestry]
  2043 | D:3      | Reached XP level 5. HP: 26/42 MP: 5/5
  2324 | D:4      | Gained mutation: You sometimes gain a little power by taking damage. [demonic ancestry]
  2324 | D:4      | Reached XP level 6. HP: 34/48 MP: 6/6
  2445 | D:4      | Found an ornate altar of the Wu Jian Council.
  2473 | D:4      | Found a glowing silver altar of Zin.
  2613 | D:4      | Reached skill level 5 in Armour
  2679 | D:4      | Reached XP level 7. HP: 54/54 MP: 7/7
  2891 | D:4      | Found a hazy altar of Hepliaklqana.
  2898 | D:4      | Found a deep blue altar of Sif Muna.
  3018 | D:5      | Entered Level 5 of the Dungeon
  3039 | D:5      | Noticed Duvessa
  3039 | D:5      | Noticed Dowan
  3044 | D:5      | Killed Dowan
  3050 | D:5      | Killed Duvessa
  3130 | D:5      | Noticed skelma's ghost (amateur DsFi)
  3138 | D:5      | Killed skelma's ghost
  3138 | D:5      | Reached skill level 6 in Armour
  3140 | D:5      | Gained mutation: You have a pair of horns on your head. [demonic ancestry]
  3140 | D:5      | Reached XP level 8. HP: 61/61 MP: 8/8
  3286 | D:5      | Reached skill level 5 in Fighting
  3639 | D:5      | Found a staircase to the Ecumenical Temple.
  3796 | D:5      | Found a glowing golden altar of the Shining One.
  3824 | D:5      | Reached skill level 5 in Shields
  3955 | Temple   | Entered the Ecumenical Temple
  4181 | D:6      | Noticed a two-headed ogre
  4192 | D:6      | Killed a two-headed ogre
  4192 | D:6      | Reached skill level 5 in Axes
  4192 | D:6      | Reached skill level 7 in Armour
  4192 | D:6      | Gained mutation: You have a pair of large horns on your head. [demonic ancestry]
  4192 | D:6      | Reached XP level 9. HP: 58/69 MP: 9/9
  4930 | D:7      | Reached skill level 8 in Armour
  5714 | D:8      | Noticed a two-headed ogre
  5717 | D:8      | Found a shimmering altar of Xom.
  5724 | D:8      | Killed a two-headed ogre
  5724 | D:8      | Reached skill level 1 in Throwing
  5727 | D:8      | Gained mutation: You sometimes gain power by taking damage. [demonic ancestry]
  5727 | D:8      | Reached XP level 10. HP: 62/77 MP: 10/10
  5926 | D:8      | Reached skill level 9 in Armour
  6127 | D:8      | Noticed Prince Ribbit
  6139 | D:8      | Killed Prince Ribbit
  6160 | D:8      | Killed an unseen horror
  7185 | D:10     | Entered Level 10 of the Dungeon
  7194 | D:10     | Noticed Grum
  7197 | D:10     | Noticed Harold
  7214 | D:10     | Killed Grum
  7214 | D:10     | Reached skill level 10 in Armour
  7219 | D:10     | Killed Harold
  7219 | D:10     | Gained mutation: You are mostly covered in icy blue scales. (AC +3) [demonic ancestry]
  7219 | D:10     | Reached XP level 11. HP: 34/86 MP: 11/11
  7427 | D:10     | Noticed Herrn's ghost (journeyman NaFE)
  7442 | D:10     | Killed Herrn's ghost
  7749 | D:10     | Noticed Erica
  7764 | D:10     | Killed Erica
  7941 | D:10     | Noticed Maurice
  7967 | D:10     | Killed Maurice
  8157 | D:10     | Identified a scroll of acquirement
  8160 | D:10     | Got a pair of ancient gloves
  8171 | D:10     | Identified the +4 pair of gloves of Makhleb's Favour {rC+ MR+ Int+4 Dex-3} (You acquired it on level 10 of the Dungeon)
  8350 | D:11     | Noticed a two-headed ogre
  8354 | D:11     | Killed a two-headed ogre
  8361 | D:11     | Found a labyrinth entrance.
  8419 | Lab      | Entered a labyrinth
  8775 | Lab      | Noticed a minotaur
  8783 | Lab      | Killed a minotaur
  8783 | Lab      | Reached skill level 5 in Throwing
  8783 | Lab      | Reached skill level 11 in Armour
  8786 | Lab      | Got an iridescent arbalest
  8786 | Lab      | Got a brightly glowing plate armour
  9185 | D:11     | Killed an unseen horror
  9274 | D:11     | Identified the +10 plate armour of Time Monsters {Int+2 Stlth+} (You found it in a labyrinth)
  9367 | D:11     | Gained mutation: You are immune to rotting. [demonic ancestry]
  9367 | D:11     | Reached XP level 12. HP: 94/94 MP: 12/12
  9378 | D:11     | Gained mutation: Your spells are a little harder to cast, but a little more powerful. [potion of mutation]
  9378 | D:11     | Gained mutation: You have supernaturally acute eyesight. (SInv) [potion of mutation]
  9378 | D:11     | Gained mutation: You have sharp toenails. [potion of mutation]
  9405 | D:11     | Noticed a frost giant
  9413 | D:11     | Killed a frost giant
  9687 | D:11     | Found a staircase to the Lair.
  9742 | Lair:1   | Entered Level 1 of the Lair of Beasts
  9880 | D:11     | Noticed a two-headed ogre
  9886 | D:11     | Killed a two-headed ogre
 10168 | D:11     | Got a faintly humming crystal plate armour
 10169 | D:11     | Identified the +4 crystal plate armour of Jiol {rC+ MR++ Regen+ Dex+2} (You acquired it on level 11 of the Dungeon)
 10306 | D:12     | Found a staircase to the Orcish Mines.
 10307 | D:12     | Found Xinysk Kydai's Armour Shop.
 10532 | D:12     | Found the +10 Black Knight's horse barding {ponderous, rPois rN+}
 10532 | D:12     | Found Itiamp's Distillery.
 10535 | D:12     | Bought a potion of heal wounds for 70 gold pieces
 10862 | D:12     | Noticed a catoblepas
 10877 | D:12     | Killed a catoblepas
 10887 | D:12     | Reached skill level 12 in Armour
 11230 | D:13     | Noticed a two-headed ogre
 11237 | D:13     | Killed a two-headed ogre
 11262 | D:13     | Noticed a death knight
 11283 | D:13     | Killed a death knight
 11287 | D:13     | Reached XP level 13. HP: 34/103 MP: 13/13
 11610 | D:13     | Reached skill level 10 in Fighting
 11744 | D:13     | Noticed Sonja
 12062 | D:13     | Cast into level 2 of the Abyss (Sonja)
 12075 | Abyss:2  | Noticed a brown very ugly thing
 12076 | Abyss:2  | Noticed a brown very ugly thing
 12087 | Abyss:2  | Killed a red very ugly thing
 12115 | Abyss:2  | Found a corrupted altar of Lugonu.
 12123 | Abyss:2  | Became a worshipper of Lugonu the Unformed
 12123 | Abyss:2  | Reached * piety under Lugonu
 12124 | D:13     | Escaped the Abyss
 12138 | D:13     | Killed Sonja
 12320 | D:14     | Found Omibrok's General Store.
 12329 | D:14     | Bought a scroll of magic mapping for 49 gold pieces
 12412 | D:14     | Reached skill level 13 in Armour
 12692 | D:14     | Reached skill level 10 in Shields
 12798 | D:14     | Reached ** piety under Lugonu
 12832 | D:14     | Noticed Frances
 12840 | D:14     | Killed Frances
 12840 | D:14     | Reached XP level 14. HP: 80/111 MP: 14/14
 12912 | D:14     | Found a gate to the Vaults.
 13187 | D:15     | Entered Level 15 of the Dungeon
 13190 | D:15     | Found Tuirryah's Pet Rocks.
 13289 | D:15     | Reached skill level 10 in Axes
 13550 | D:15     | Found a staircase to the Depths.
 13652 | D:15     | Reached skill level 14 in Armour
 13656 | D:15     | Reached *** piety under Lugonu
 14377 | Orc:1    | Entered Level 1 of the Orcish Mines
 14586 | Orc:2    | Entered Level 2 of the Orcish Mines
 14695 | Orc:2    | Reached **** piety under Lugonu
 14909 | Orc:2    | Found a staircase to the Elven Halls.
 15193 | Orc:2    | Reached ***** piety under Lugonu
 15654 | Orc:2    | Found Loyvog's Book Shoppe.
 15657 | Orc:2    | Found Defyrucku's Magic Scroll Emporium.
 15661 | Orc:2    | Found Plog's Antique Armour Shoppe.
 15662 | Orc:2    | Found Ulucrall's General Store.
 15667 | Orc:2    | Bought a scroll of brand weapon for 260 gold pieces
 15778 | Elf:1    | Entered Level 1 of the Elven Halls
 15797 | Elf:1    | Found a radiant altar of Vehumet.
 15804 | Elf:1    | Gained mutation: You are powered by pain. [demonic ancestry]
 15804 | Elf:1    | Reached XP level 15. HP: 120/120 MP: 15/15
 16058 | Elf:1    | Noticed Nikola
 17052 | Lair:2   | Noticed Gastronok
 17066 | Lair:2   | Killed Gastronok
 17200 | Lair:2   | Found a frozen archway.
 17215 | IceCv    | Entered an ice cave
 17379 | IceCv    | Reached ****** piety under Lugonu
 17513 | IceCv    | Reached skill level 15 in Armour
 17652 | IceCv    | Noticed a frost giant
 17666 | IceCv    | Killed a frost giant
 18304 | Lair:3   | Got an ancient dagger
 18680 | Lair:3   | Found a staircase to the Shoals.
 19590 | Lair:4   | Found a staircase to the Snake Pit.
 20067 | Lair:5   | Got a bound granite ring
 20068 | Lair:5   | Identified the ring of Meryon {rCorr rPois Str+4 Int-2} (You acquired it on level 5 of the Lair of Beasts)
 20676 | Lair:6   | Entered Level 6 of the Lair of Beasts
 21204 | Lair:6   | Reached XP level 16. HP: 127/129 MP: 16/16
 21283 | Lair:6   | Found a large runed door.
 21283 | Lair:6   | Found a large runed door.
 22197 | Lair:6   | Found a staircase to the Slime Pits.
 22197 | Lair:6   | Found a viscous altar of Jiyva.
 22240 | Slime:1  | Entered Level 1 of the Pits of Slime
 22240 | Slime:1  | Noticed an acid blob
 22242 | Slime:1  | Gained mutation: You tend to lose your temper in combat. [a shining eye]
 22913 | Slime:1  | Killed an acid blob
 22913 | Slime:1  | Reached skill level 16 in Armour
 23002 | Slime:1  | Noticed an acid blob
 23015 | Slime:1  | Killed an acid blob
 23859 | Snake:1  | Entered Level 1 of the Snake Pit
 24918 | Snake:2  | Reached XP level 17. HP: 137/137 MP: 17/17
 25388 | Snake:2  | Got a translucent glass ring
 25389 | Snake:2  | Identified the ring "Sodeq" {rF+ Int+3} (You found it on level 2 of the Snake Pit)
 25824 | Snake:3  | Found Tycycik's Distillery.
 25856 | Snake:3  | Noticed Kirke
 25870 | Snake:3  | Killed Kirke
 26014 | Snake:3  | Noticed soonmide's ghost (journeyman GnSu)
 26027 | Snake:3  | Reached skill level 17 in Armour
 26174 | Snake:3  | Killed soonmide's ghost
 26501 | Snake:3  | Noticed Vashnia
 26527 | Snake:3  | Killed Vashnia
 26894 | Snake:3  | Found Fugif's Gadget Shop.
 26899 | Snake:3  | Found Varchasup's Distillery.
 26908 | Snake:3  | Bought a potion of haste for 120 gold pieces
 26908 | Snake:3  | Bought a potion of heal wounds for 60 gold pieces
 27858 | Snake:4  | Entered Level 4 of the Snake Pit
 28412 | Snake:4  | Gained mutation: You may emit foul miasma when damaged in melee. [demonic ancestry]
 28412 | Snake:4  | Reached XP level 18. HP: 135/147 MP: 18/18
 28708 | Snake:4  | Noticed Aes's ghost (adept SpEn)
 28821 | Snake:4  | Killed Aes's ghost
 29464 | Snake:4  | Reached skill level 18 in Armour
 29613 | Snake:4  | Reached skill level 15 in Fighting
 29707 | Snake:4  | Got a serpentine rune of Zot
 30074 | Lair:1   | Learned a level 1 spell: Summon Butterflies
 30077 | Lair:1   | Learned a level 2 spell: Swiftness
 30244 | Elf:1    | Killed Nikola
 30335 | Elf:1    | Reached skill level 1 in Spellcasting
 31012 | Elf:1    | Reached skill level 1 in Charms
 31559 | Elf:2    | Gained mutation: You are completely covered in icy blue scales. (AC +4, rC+) [demonic ancestry]
 31559 | Elf:2    | Reached XP level 19. HP: 142/155 MP: 22/22
 31598 | Elf:2    | Found a huge runed gate.
 31599 | Elf:2    | Found a huge runed gate.
 31600 | Elf:2    | Found a huge runed gate.
 31601 | Elf:2    | Found a huge runed gate.
 31602 | Elf:2    | Found a huge runed gate.
 31653 | Elf:2    | HP: 7/155 [bardiche of electrocution (15)]
 31653 | Elf:2    | Slain by a hell rat

Vault maps used:
D:1:      eino_arrival_druids_welcome
D:2:      makhleb_altar_promises_db, dancing_weapons_uskayaw,
          cheibriados_altar_1, chequers_ecumenical_altar_simple,
          nicolae_ru_awakened_eye
D:3:      lemuel_upstairs_altar, first_bread, fedhas_altar_4
D:4:      kennysheep_mini, zin_statuary, amethyst_overflow_temple_binary,
          bh_chokoban, kennysheep_windowed_goal
D:5:      kennysheep_little_box, minmay_temple_entry_crystal_x, uniq_duvessa
D:6:      hangedman_decor_lopped
D:8:      xom_teletrap_fun, uniq_prince_ribbit1
D:10:     serial_column_ruins, column_ruins_hut, column_ruins_grid_2,
          column_ruins_corridor_straight, column_ruins_open_tiny, uniq_maurice,
          uniq_grum, uniq_harold, uniq_erica
D:11:     cheibrodos_elevator_heist, lair_entry_dummy, lab_entry_generic,
          the_bakery, st_stairs_13, minmay_three_doors
D:12:     orc_david_3, serial_shops, nicolae_shop_crystal, argonaut_gorgonesque
D:13:     uniq_sonja
D:14:     hangedman_vaults_entry_quadrant_bands, serial_shops, shop,
          kennysheep_nub, uniq_frances
D:15:     gammafunk_depths_entry_grave, minivault_4, guppyfry_shop_earth
Temple:   nicolae_temple_hex_pool
Lair:1:   guppyfry_lair_drakes, grunt_megastairs_3
Lair:2:   portal_ice_cave_entry_pillars_1, minivault_29, uniq_gastronok
Lair:3:   minmay_shoals_entry_hut, kennysheep_abandoned_house
Lair:4:   minmay_snake_entry_guardpost_small, beast_lair_carwin_6,
          grunt_megastairs_4
Lair:6:   cheibrodos_lair_end_hotspot, slime_altar_1,
          nicolae_quartered_pool_medium
Snake:1:  serial_bayou_shore_a
Snake:3:  serial_shops, shop, serial_bayou_ford_a, minmay_shop_star,
          serial_bayou_shore_b, lemuel_fruit_tree, uniq_kirke, uniq_vashnia
Snake:4:  grunt_snake_rune_serpentine_throne
Slime:2:  nicolae_slime_jelly_donut, cheibrodos_slime_lost_civilization_6
Orc:1:    serial_shops, shop, mines_bat_river
Orc:2:    st_orc_pillars
Elf:1:    eino_elf_arrival_altar, evilmike_minifort, uniq_nikola
Elf:2:    minivault_14, uniq_louise
Lab:      labyrinth_hidden_loot, nicolae_lab_big_swirl, nicolae_lab_plus
IceCv:    ice_cave_caverns_03

Skill      XL: |  1  2  3  4  5  6  7  8  9 10 11 12 13 14 15 16 17 18 19 |
---------------+----------------------------------------------------------+-----
Axes           | 2 3 4 5 6 7 8 9 10 11 12 13 | 13.8
Armour         | 3 4 5 6 7 8 10 11 12 13 14 15 16 17 18 | 18.6
Shields        | 3 4 5 6 7 8 9 10 11 12 13 14 | 14.0
Fighting       | 4 6 7 8 9 10 11 12 13 14 15 | 15.3
Throwing       | 1 3 5 6 7 8 9 |  9.6
Spellcasting   | 2 |  2.6
Charms         | 2 |  2.4

Action                   |  1- 3 |  4- 6 |  7- 9 | 10-12 | 13-15 | 16-18 | 19-21 || total
-------------------------+-------+-------+-------+-------+-------+-------+-------++-------
Melee: War axe           |    93 |   122 |   194 |   464 |  1020 |  1123 |    28 ||  3044
       Headbutt          |       |     9 |    45 |   132 |   299 |   320 |     5 ||   810
       Kick              |       |       |       |    91 |   489 |   567 |    15 ||  1162
       Broad axe         |       |       |       |       |    77 |       |       ||    77
       Scimitar          |       |       |       |       |     6 |    10 |       ||    16
Throw: Tomahawk          |       |       |       |       |     4 |       |       ||     4
Invok: Depart the Abyss  |       |       |       |       |     1 |       |       ||     1
 Abil: Evoke Flight      |       |       |       |       |       |     1 |       ||     1
Evoke: Wand              |       |       |       |       |     1 |       |       ||     1
  Use: Scroll            |       |     7 |     5 |    24 |    15 |     6 |       ||    57
       Potion            |       |       |     3 |     6 |     2 |    11 |     1 ||    23
  Eat: Chunk             |     1 |     4 |     5 |     9 |    17 |    12 |       ||    48
       Bread ration      |       |     2 |     1 |     1 |     7 |     7 |       ||    18
       Fruit             |       |       |       |     4 |     4 |       |       ||     8
Armor: Scale mail        |    43 |       |       |       |       |       |       ||    43
       Chain mail        |    11 |    86 |   134 |    39 |       |       |       ||   270
       Plate armour      |       |       |       |   167 |       |       |       ||   167
       Skin              |       |       |       |     2 |       |       |       ||     2
       Crystal plate arm |       |       |       |    79 |   805 |   874 |    22 ||  1780
Dodge: Dodged            |    38 |    22 |    43 |    87 |   194 |   230 |     6 ||   620
Block: Shield            |    48 |    75 |   109 |   267 |   718 |   836 |    34 ||  2087
       Reflection        |       |       |       |     3 |    24 |    87 |     4 ||   118
       Rpst.: Scimitar   |       |       |       |       |     1 |     2 |       ||     3

Table legend:
 A = Spawn XP
 B = Non-spawn XP
 C = Spawn XP percentage of total XP
 D = Spawn monster count
 E = Non-spawn monster count
 F = Spawn count percentage of total count
 G = Total turns spent on level
                    A         B        C        D         E        F      G
               +---------+---------+-------+---------+---------+-------+---------
         Total |   33620 |  348022 |   8.8 |     102 |    1099 |   8.5 | 31653
               +---------+---------+-------+---------+---------+-------+---------
           D:1 |       0 |      37 |   0.0 |       0 |      23 |   0.0 |   585
           D:2 |       6 |      43 |  12.2 |       3 |      11 |  21.4 |   747
           D:3 |      31 |     198 |  13.5 |       3 |      12 |  20.0 |   976
           D:4 |      43 |     484 |   8.2 |       1 |      15 |   6.2 |   710
           D:5 |     313 |     856 |  26.8 |       9 |      20 |  31.0 |   953
           D:6 |       0 |    1482 |   0.0 |       0 |      16 |   0.0 |   802
           D:7 |      93 |     964 |   8.8 |       1 |      21 |   4.5 |   857
           D:8 |      18 |    2692 |   0.7 |       1 |      17 |   5.6 |   800
           D:9 |     384 |    2226 |  14.7 |       2 |      22 |   8.3 |   672
          D:10 |      52 |    7231 |   0.7 |       2 |      47 |   4.1 |  1015
          D:11 |    1408 |    5405 |  20.7 |       8 |      25 |  24.2 |  1505
          D:12 |     271 |    8191 |   3.2 |       1 |      54 |   1.8 |   691
          D:13 |    3406 |    4729 |  41.9 |       6 |      28 |  17.6 |  1181
          D:14 |    2745 |   21186 |  11.5 |       7 |      45 |  13.5 |   999
          D:15 |    2172 |   15567 |  12.2 |       5 |      42 |  10.6 |  1154
        Lair:1 |     383 |    4891 |   7.3 |       1 |      16 |   5.9 |  1004
        Lair:2 |     372 |   13927 |   2.6 |       1 |      71 |   1.4 |   775
        Lair:3 |     466 |    2838 |  14.1 |       4 |      26 |  13.3 |   822
        Lair:4 |    1591 |    5620 |  22.1 |       5 |      25 |  16.7 |  1141
        Lair:5 |     790 |    2449 |  24.4 |       4 |       9 |  30.8 |   951
        Lair:6 |    1890 |   23860 |   7.3 |       8 |      70 |  10.3 |  1781
       Snake:1 |    3802 |   15474 |  19.7 |       6 |      26 |  18.8 |   945
       Snake:2 |    1451 |   14201 |   9.3 |       3 |      25 |  10.7 |  1325
       Snake:3 |    1473 |   45371 |   3.1 |       3 |      75 |   3.8 |  1673
       Snake:4 |    4129 |   67661 |   5.8 |       8 |     104 |   7.1 |  2000
       Slime:1 |       0 |    8866 |   0.0 |       0 |      11 |   0.0 |   321
       Slime:2 |     545 |    5478 |   9.0 |       2 |      22 |   8.3 |   581
         Orc:1 |       0 |     775 |   0.0 |       0 |      35 |   0.0 |   323
         Orc:2 |       0 |   14881 |   0.0 |       0 |      85 |   0.0 |  1250
         Elf:1 |    3929 |   23846 |  14.1 |       6 |      35 |  14.6 |  1527
         Elf:2 |       0 |   13396 |   0.0 |       0 |      17 |   0.0 |   242
       Abyss:2 |    1857 |       0 | 100.0 |       2 |       0 | 100.0 |    62
           Lab |       0 |    1665 |   0.0 |       0 |       3 |   0.0 |   701
         IceCv |       0 |   11532 |   0.0 |       0 |      46 |   0.0 |   499
               +---------+---------+-------+---------+---------+-------+---------
